 Dungeon Sprint DCSS version 0.30-a0-475-g03497ec522 (webtiles) character file.

Game seed: 16106724452854868021

249 rocky1 the Carver (level 6, 0/51 HPs)
             Began as a Merfolk Gladiator on Dec 21, 2022.
             Splashed by a jelly's acid (2 damage)
             ... in the Dungeon (Sprint III: "The Ten Rune Challenge").
             The game lasted 00:01:47 (468 turns).

rocky1 the Carver (Merfolk Gladiator)                Turns: 468, Time: 00:01:48

Health: 0/51       AC: -8    Str: 14    XL:     6   Next: 12%
Magic:  6/6        EV: 15    Int:  7    God:
Gold:   35         SH:  0    Dex: 18    Spells: 5/5 levels left

rFire   . . .      SeeInvis .    a - +0 long sword
rCold   . . .      Faith    .    (no shield)
rNeg    . . .      Spirit   .    b - +0 leather armour
rPois   .          Reflect  .    c - +0 helmet
rElec   .          Harm     .    (no cloak)
rCorr   .          Rampage  .    (no gloves)
Will    .....      NoTele   +    (no boots)
Stlth   +++.......               (no amulet)
HPRegen 0.28/turn                (no ring)
MPRegen 0.10/turn                (no ring)

@: corroded
A: (nimble swimmer 2), mertail
a: no special abilities


You were in the Dungeon.
You visited 1 branch You collected 35 gold pieces.

Inventory:

Hand Weapons
 a - a +0 long sword (weapon)
Missiles
 d - 2 throwing nets (quivered)
 e - a javelin
Armour
 b - a +0 leather armour (worn)
 c - a +0 helmet (worn)
Scrolls
 m - a scroll of poison {unknown}
 n - 2 scrolls of identify {unknown}
 p - a scroll of immolation {unknown}
Potions
 h - 4 potions of haste
 i - 2 potions of magic
 l - 3 potions of mutation {unknown}
 o - 2 potions of flight


   Skills:
 + Level 5.0 Fighting
 + Level 12.1 Long Blades
 - Level 2.0 Throwing
 + Level 6.8 Dodging
 + Level 4.8 Stealth


You had 5 spell levels left.
You didn't know any spells.
Your spell library was empty.

Dungeon Overview and Level Annotations

Branches:
Dungeon (1/1)

Altars:


Innate Abilities, Weirdness & Mutations

((You are very nimble when in or above water. (Stealth+, EV+, Speed+++)))
Your lower body shifts to a powerful aquatic tail in water.


Message History

HP restored.
You open the door.
There is an open door here.
You see here a rat skeleton.
There is an open door here.
There is an open door here.
Your legs become a tail as you enter the water.
Your legs become a tail as you enter the water.
There is an open door to the Ecumenical Temple here.
There is a fountain of clear blue water here.
There is an open door here.
You hit the jelly.
Your hands burn!
The jelly is lightly wounded.
The jelly hits you. The acid corrodes you!
You are splashed with acid!
You hit the jelly.
Your hands burn!
The jelly is moderately wounded.
You hit the jelly but do no damage.
Your hands burn!
The jelly is moderately wounded.
The jelly completely misses you.
You barely miss the jelly.
The jelly is moderately wounded.
The jelly hits you. The acid corrodes you!
You are splashed with acid!
You are too injured to fight recklessly!
You barely miss the jelly.
The jelly is moderately wounded.
The jelly barely misses you.
You hit the jelly but do no damage.
Your hands burn!
The jelly is lightly wounded.
You hit the jelly.
Your hands burn!
* * * LOW HITPOINT WARNING * * *
The jelly is heavily wounded.
The jelly closely misses you.
You barely miss the jelly.
The jelly is heavily wounded.
The jelly hits you.
* * * LOW HITPOINT WARNING * * *
You are splashed with acid!
* * * LOW HITPOINT WARNING * * *
You slash the jelly! The acid corrodes you!
Your hands burn!
You die...

.♣ ♣.# .♣♣ ♣♣.# ..♣
..#
~.♣♣♣♣.###+#+###+##
~.♣♣...#..........#
~~.♣♣..'.⌠........#
≈~~~♣♣.#...######'#
~~~....#.⌠.# #...#
~~.....#...# #J@.#
.......#+### #...#
.......# #...+
.......# +...#
▓▓▓▓▓▓▓▓ ▓▓▓▓▓


You could see a jelly.

Vanquished Creatures
  A shadow (D)
  A water elemental (D)
  A human (D)
  A wolf (D)
  An endoplasm (D)
  3 rats (D)
8 creatures vanquished.

Vanquished Creatures (others)
  A plant (D)
1 creature vanquished.

Grand Total: 9 creatures vanquished

Notes
Turn   | Place    | Note
-------+----------+-------------------------------------------
     0 | D        | rocky1 the Merfolk Gladiator began the quest for the Orb.
     0 | D        | Reached XP level 1. HP: 16/16 MP: 1/1
     6 | D        | Reached skill level 4 in Long Blades
    16 | D        | Reached skill level 5 in Long Blades
    48 | D        | Reached skill level 7 in Long Blades
    48 | D        | Reached XP level 2. HP: 15/22 MP: 2/2
    87 | D        | Reached skill level 8 in Long Blades
    87 | D        | Reached XP level 3. HP: 25/27 MP: 3/3
   124 | D        | Noticed a water elemental
   129 | D        | Killed a water elemental
   130 | D        | Reached skill level 11 in Long Blades
   130 | D        | Reached XP level 4. HP: 16/33 MP: 4/4
   224 | D        | Noticed a shadow
   234 | D        | Killed a shadow
   235 | D        | Reached skill level 5 in Fighting
   235 | D        | Reached skill level 12 in Long Blades
   235 | D        | Reached XP level 5. HP: 4/44 MP: 5/5
   235 | D        | Reached XP level 6. HP: 4/51 MP: 6/6
   467 | D        | HP: 2/51 [acid (11)]
   468 | D        | Splashed by a jelly's acid

Illustrated notes

Levels and vault maps discovered:
D:        dungeon_sprint_mu [sprint_mu_entry_forest, sprint_mu_temple_rooms,
          sprint_mu_d1_spiders, sprint_mu_d2_genie, sprint_mu_d3_branching,
          sprint_mu_orc_legion, sprint_mu_elf_gauntlet, sprint_mu_hive_nellie,
          sprint_mu_lair_fedhas, sprint_mu_vaults_butterflies,
          sprint_mu_slime_circle, sprint_mu_swamp_cave, sprint_mu_shoals_kraken,
          sprint_mu_blade_basic, sprint_mu_crypt_chambers,
          sprint_mu_tomb_spiral, sprint_mu_vestibule_basic,
          sprint_mu_gehenna_hellfire, sprint_mu_dis_giant,
          sprint_mu_tartarus_statrot, sprint_mu_cocytus_islands, sprint_mu_zot1]

Skill      XL: |  1  2  3  4 |
---------------+-------------+-----
Long Blades    | 7 8 11 12 | 12.1
Fighting       | 5 |  5.0
Dodging        | 6 |  6.8
Stealth        | 4 |  4.8
Throwing       | |  2.0

Action                   |  1- 3 |  4- 6 || total
-------------------------+-------+-------++-------
Melee: Long sword        |    25 |    17 ||    42
       Tailslap          |     3 |       ||     3
       Punch             |     1 |       ||     1
Throw: Throwing net      |     1 |       ||     1
  Use: Potion            |     1 |     2 ||     3
       Scroll            |       |     1 ||     1
 Stab: Held in net/web   |     1 |       ||     1
Armor: Leather armour    |     5 |       ||     5
Dodge: Dodged            |    12 |     7 ||    19

Table legend: (Time is in decaauts)
 A = Elapsed time spent in this place.
 B = Non-inter-level travel time spent in this place.
 C = Inter-level travel time spent in this place.
 D = Time resting spent in this place.
 E = Time spent auto-exploring this place.
 F = Levels seen in this place.
 G = Mean time per level.
                   A        B        C        D        E       F      G
               +--------+--------+--------+--------+--------+-----+--------+
         Total |    464 |    464 |      0 |    249 |     20 |   1 |  464.0 |
       Dungeon |    464 |    464 |      0 |    249 |     20 |   1 |  464.0 |
               +--------+--------+--------+--------+--------+-----+--------+

Top non-repeatable levels by time:
       D: 464 daAuts
